 Dungeon Crawl Stone Soup version 0.27-a0-1434-g6f15984924 (webtiles) character file.

Game seed: 9248378409343503107

431 epicjoe the Covered (level 6, -4/56 HPs)
             Began as a Minotaur Fighter on July 3, 2021.
             Was an Initiate of Hepliaklqana.
             Slain by an ice beast (10 damage)
             ... on level 5 of the Dungeon.
             The game lasted 00:19:06 (3867 turns).

epicjoe the Covered (Minotaur Fighter)              Turns: 3867, Time: 00:19:07

Health: -4/56      AC: 14    Str: 23    XL:     6   Next: 66%
Magic:  5/5        EV:  5    Int: 11    God:    Hepliaklqana [......]
Gold:   188        SH: 10    Dex:  9    Spells: 5/5 levels left

rFire    . . .     SeeInvis .   a - +0 war axe
rCold    . . .     Faith    .   c - +0 kite shield
rNeg     . . .     Spirit   .   t - +1 plate armour
rPois    .         Reflect  .   (helmet restricted)
rElec    .         Harm     .   (no cloak)
rCorr    .         Rampage  .   (no gloves)
Will     .....                  r - +0 pair of boots
Stlth    ..........             (no amulet)
HPRegen  0.18/turn              l - +6 ring of intelligence
MPRegen  0.09/turn              (no ring)

@: no status effects
A: horns 2, retaliatory headbutt
a: Renounce Religion


You were on level 5 of the Dungeon.
You worshipped Hepliaklqana.
Hepliaklqana was noncommittal.
You visited 1 branch of the dungeon, and saw 5 of its levels.

You collected 188 gold pieces.

Inventory:

Hand Weapons
 a - a +0 war axe (weapon)
 o - a +0 hunting sling
Missiles
 e - 7 boomerangs
 f - 46 sling bullets
 i - 22 poisoned darts (quivered)
Armour
 b - a +0 scale mail
 c - a +0 kite shield (worn)
 r - a +0 pair of boots (worn)
 t - a +1 plate armour (worn)
Magical Staves
 q - a staff of conjuration
Jewellery
 l - a +6 ring of intelligence (left hand)
 v - a ring of wizardry
Scrolls
 d - a scroll of enchant armour
 h - a scroll of silence {unknown}
 k - a scroll of magic mapping {unknown}
 m - a scroll of holy word {unknown}
 u - a scroll of identify {unknown}
Potions
 j - 2 potions of flight {unknown}
 n - a potion of haste {unknown}
 p - 3 potions of curing {unknown}
 s - a potion of lignification {unknown}
 w - a potion of degeneration {unknown}


   Skills:
 + Level 5.1 Fighting
 + Level 4.8 Axes
 + Level 5.6 Armour
 + Level 2.0 Dodging
 + Level 5.0 Shields


You had 5 spell levels left.
You didn't know any spells.
Your spell library contained the following spells:

 Spells                   Type           Power      Damage    Failure   Level
 Apportation              Tloc           0%         N/A       100%        1
 Alistair's Intoxication  Tmut/Pois      0%         N/A       100%        5
 Invisibility             Hex            0%         N/A       100%        6


Dungeon Overview and Level Annotations

Branches:
Dungeon (5/15)
 Temple: D:4-7

Altars:
Dithmenos
Hepliaklqana

Shops:
D:2 [?=

Annotations:
D:4 Pikel


Innate Abilities, Weirdness & Mutations

You have a pair of horns on your head.
You reflexively headbutt those who attack you in melee.


Message History

Pikel is lightly wounded.
You block Pikel's attack. Pikel hits you but does no damage.
You closely miss Pikel.
Pikel is lightly wounded.
Pikel hits you with a +0 whip of electrocution.
You slash Pikel!
Pikel is moderately wounded.
Pikel hits you but does no damage.
You are electrocuted!
Pikel closely misses you.
You closely miss Pikel. You headbutt Pikel!
Pikel is heavily wounded.
You block Pikel's attack.
You miss Pikel.
Pikel is heavily wounded.
Pikel hits you with a +0 whip of electrocution.
* * * LOW HITPOINT WARNING * * *
You are electrocuted!
* * * LOW HITPOINT WARNING * * *
You block Pikel's attack.
You closely miss Pikel.
Pikel is heavily wounded.
Pikel hits you but does no damage.
Okay, then.
As you read the scroll labelled OCKI CEZIONEI, it crumbles to dust.
It is a scroll of enchant armour.
Your +0 plate armour glows green for a moment.
You block Pikel's attack.
As you read the scroll labelled ECUN NEM ZEADD, it crumbles to dust.
You feel strangely unstable.
It was a scroll of teleportation.
Pikel hits you with a +0 whip of electrocution.
* * * LOW HITPOINT WARNING * * *
You block Pikel's attack.
Your surroundings suddenly seem different.
You see here 17 stones.
Pikel is nearby!
There is a stone staircase leading down here.
You climb downwards.
The ice beast hits you.
* * * LOW HITPOINT WARNING * * *
The ice beast freezes you!
You die...

#.#....##
......#
#.[.#####.
#.........
#.#.#######
#.##.# ##
#.# #Y# #@#
#.# #.# #.#
#.# #.# ...
...


You could see an ice beast.

Vanquished Creatures
  Prince Ribbit (D:5)
  A lemure (D:4)
  2 hounds
  2 orc wizards (D:4)
  6 adders
  A worm (D:3)
  3 dart slugs
  4 orcs
  7 endoplasms
  3 giant cockroaches (D:1)
  9 goblins
  6 hobgoblins
  A jackal (D:3)
  2 kobolds
  4 quokkas
  7 ball pythons
  6 bats
  A frilled lizard (D:1)
  6 rats
72 creatures vanquished.

Vanquished Creatures (others)
  4 plants (D:2)
4 creatures vanquished.

Grand Total: 76 creatures vanquished

Notes
Turn   | Place    | Note
-------+----------+-------------------------------------------
     0 | D:1      | epicjoe the Minotaur Fighter began the quest for the Orb.
     0 | D:1      | Reached XP level 1. HP: 19/19 MP: 0/0
   162 | D:1      | Reached XP level 2. HP: 27/27 MP: 1/1
   599 | D:1      | Reached XP level 3. HP: 32/33 MP: 2/2
   625 | D:2      | Found Jolis's Jewellery Shop.
  1038 | D:2      | Found Voneck's Magic Scroll Emporium.
  1363 | D:2      | Reached XP level 4. HP: 14/41 MP: 3/3
  1805 | D:2      | Found Ehoavoam's Armour Boutique.
  2148 | D:2      | Found a faded altar of an unknown god.
  2180 | D:2      | Became a worshipper of Dithmenos the Shadowed
  2180 | D:2      | Reached * piety under Dithmenos
  2680 | D:3      | Reached skill level 1 in Dodging
  2680 | D:3      | Reached XP level 5. HP: 40/47 MP: 4/4
  2914 | D:3      | Found a hazy altar of Hepliaklqana.
  2922 | D:3      | Fell from the grace of Dithmenos
  2922 | D:3      | Became a worshipper of Hepliaklqana the Forgotten
  3207 | D:5      | Entered Level 5 of the Dungeon
  3270 | D:5      | Noticed Prince Ribbit
  3288 | D:5      | Killed Prince Ribbit
  3289 | D:5      | Reached skill level 5 in Fighting
  3289 | D:5      | Reached skill level 5 in Armour
  3289 | D:5      | Reached XP level 6. HP: 16/56 MP: 5/5
  3469 | D:5      | Noticed an ice beast
  3555 | D:4      | Reached skill level 5 in Shields
  3814 | D:4      | Noticed Pikel
  3831 | D:4      | HP: 1/56 [Pikel (4)]
  3867 | D:5      | Slain by an ice beast

Illustrated notes

Levels and vault maps discovered:
D:1:      dpeg_arrival_radiant, layout_loops_ring, st_stairs_13
D:2:      layout_loops_corners, basic_ecumenical_altar, serial_shops,
          shop_statue, shop, shop, guppyfry_early_lair_pool
D:3:      layout_basic, overflow_temple_1_default, minmay_distorted
D:4:      layout_basic, grunt_temple_overflow_forces_of_nature,
          nicolae_tso_swordbearing_angel, uniq_pikel
D:5:      layout_loops_corners, serial_shops, shop,
          gammafunk_ghost_abyssal_escape, minivault_27, uniq_prince_ribbit1,
          uniq_crazy_yiuf_cottage

Skill      XL: |  1  2  3  4  5  6 |
---------------+-------------------+-----
Armour         | 4 5 |  5.6
Fighting       | 4 5 |  5.1
Shields        | 4 5 |  5.0
Axes           | 3 4 |  4.8
Dodging        | 1 2 |  2.0

Action                   |  1- 3 |  4- 6 || total
-------------------------+-------+-------++-------
Melee: War axe           |    99 |   112 ||   211
       Headbutt          |    15 |    21 ||    36
Throw: Dart              |       |     1 ||     1
  Use: Potion            |       |     1 ||     1
       Scroll            |       |     2 ||     2
Armor: Scale mail        |    61 |    24 ||    85
       Plate armour      |       |    23 ||    23
Dodge: Dodged            |    40 |    36 ||    76
Block: Kite shield       |    80 |    75 ||   155

Table legend: (Time is in decaauts)
 A = Elapsed time spent in this place.
 B = Non-inter-level travel time spent in this place.
 C = Inter-level travel time spent in this place.
 D = Time resting spent in this place.
 E = Time spent auto-exploring this place.
 F = Levels seen in this place.
 G = Mean time per level.
                   A        B        C        D        E       F      G
               +--------+--------+--------+--------+--------+-----+--------+
         Total |   3998 |   3481 |    517 |    976 |    430 |   5 |  799.6 |
       Dungeon |   3998 |   3481 |    517 |    976 |    430 |   5 |  799.6 |
               +--------+--------+--------+--------+--------+-----+--------+

Top non-repeatable levels by time:
     D:2: 1434 daAuts
     D:1: 1177 daAuts
     D:3: 611 daAuts
     D:4: 566 daAuts
     D:5: 209 daAuts
